[Event "Titled Tuesday Blitz April 18 Late 2023"]
[White "Kovacevic, Radmila"]
[Black "Poeta, Caio Medeiros"]
[WhiteFideId "933171"]
[BlackFideId "2142660"]
[WhiteElo "2194"]
[BlackElo "2191"]
[Result "1-0"]
[Round "01"]
[TimeControl "180+2"]
[Date "2023.04.18"]
[WhiteClock "0:00:16"]
[BlackClock "0:00:09"]

1. e4 c6 2. d4 d5 3. e5 c5 4. dxc5 Nc6 5. Bb5 e6 6. b4 a5 7. c3 axb4 8. cxb4 Ne7 9. Nf3 Bd7 10. Bxc6 Nxc6 11. Bd2 Qc7 12. Qe2 Na7 13. a4 Nc8 14. Nc3 b6 15. Nb5 Bxb5 16. Qxb5+ Qd7 17. Qxd7+ Kxd7 18. cxb6 Nxb6 19. a5 Nc4 20. Bc3 Rb8 21. Ra4 Kc6 22. O-O Kb5 23. Rfa1 Ka6 24. Nd4 Be7 25. b5+ Kb7 26. a6+ Kb6 27. Nc6 Bc5 28. Nxb8 Rxb8 29. a7 Ra8 30. Ra6+ Kb7 31. Kf1 d4 32. Be1 Bb6 33. R1a2 Nxe5 34. Ke2 Nd7 35. Kd3 Nc5+ 36. Kc4 Nxa6 37. Rxa6 e5 38. Kd5 f6 39. Bb4 Rd8+ 40. Ke4 Bxa7 41. Rd6 Rxd6 42. Bxd6 Kb6 43. Bf8 g6 44. Be7 f5+ 45. Kxe5 Kxb5 46. Bg5 Kc4 47. Kf6 d3 48. Kg7 Bxf2 49. Kxh7 Bh4 50. Bd2 Bf6 51. Kxg6 Bc3 52. Bf4 Be5 53. Bd2 f4 54. Kf5 Kd4 55. h4 Bd6 56. h5 Bf8 57. Bxf4 Kc3 58. g4 Kc2 59. g5 d2 60. Bxd2 Kxd2 61. Kg6 Ke3 62. Kf7 Ba3 63. g6 Bb2 64. g7 Bxg7 65. Kxg7 Kf4 66. h6 Kg5 67. h7 Kf5 68. h8=Q Kg4 69. Qf8 Kg5 70. Qf6+ 1-0


[Site "https://www.chess.com"]

[Event "Titled Tuesday Blitz April 18 Late 2023"]
[White "Aggelis, Nikolaos"]
[Black "Winkels, Marcel"]
[WhiteFideId "4213220"]
[BlackFideId "1003887"]
[WhiteElo "2189"]
[BlackElo "1900"]
[Result "1-0"]
[Round "01"]
[TimeControl "180+2"]
[Date "2023.04.18"]
[WhiteClock "0:00:41"]
[BlackClock "0:00:09"]

1. c4 e5 2. Nc3 d6 3. g3 f5 4. Bg2 Nf6 5. Nf3 Be7 6. O-O O-O 7. e3 c6 8. d4 e4 9. Nd2 d5 10. f3 Na6 11. Qb3 Nc7 12. fxe4 dxe4 13. Ne2 Kh8 14. Qc3 Ng4 15. h3 Nh6 16. b4 a5 17. Ba3 axb4 18. Bxb4 Na6 19. Bxe7 Qxe7 20. Nf4 g5 21. Nh5 Qb4 22. Rfc1 Qxc3 23. Rxc3 Be6 24. Rb1 Rab8 25. Nb3 Bf7 26. Nf6 Bg6 27. Nd7 Nb4 28. Nxb8 Rxb8 29. Na5 Nxa2 30. Rcb3 Ra8 31. Nxb7 Bf7 32. Nd6 Bg8 33. Rb8 Ra3 34. R1b3 Ra4 35. Rc8 Nc1 36. Rbb8 Nd3 37. Nxf5 Ra1+ 38. Kh2 1-0


[Site "https://www.chess.com"]

[Event "Titled Tuesday Blitz April 18 Late 2023"]
[White "Allam, Yara"]
[Black "Tomaszewski, Kacper"]
[WhiteFideId "10615709"]
[BlackFideId "1127373"]
[WhiteElo "1758"]
[BlackElo "2211"]
[Result "0-1"]
[Round "01"]
[TimeControl "180+2"]
[Date "2023.04.18"]
[WhiteClock "0:00:32"]
[BlackClock "0:00:14"]

1. e4 d6 2. d4 Nf6 3. Bd3 Nbd7 4. c3 e5 5. Ne2 Be7 6. O-O O-O 7. f4 exd4 8. cxd4 c5 9. Be3 Ng4 10. Bd2 cxd4 11. Nxd4 Qb6 12. Bc3 Ne3 13. Qe2 Nxf1 14. Qxf1 Bf6 15. Qf2 Nc5 16. Bc2 Ne6 17. Nf5 Qxf2+ 18. Kxf2 Bxc3 19. Nxc3 Nxf4 20. Nxd6 Be6 21. g3 Nh3+ 22. Ke3 b6 23. Ndb5 h6 24. Rd1 Ng5 25. h4 Nh7 26. Nc7 Rac8 27. Nxe6 fxe6 28. Bb3 Rfe8 29. Rd7 Nf6 30. Rxa7 Ng4+ 31. Ke2 Kh7 32. Rb7 Rb8 33. Rxb8 Rxb8 34. Bxe6 Ne5 35. Nd5 Kg6 36. Bf5+ Kf7 37. a4 g6 38. Bh3 Nc4 39. b3 Nd6 40. Nc3 Kf6 41. Kd3 Ke5 42. Bg2 Rf8 43. Ke3 g5 44. hxg5 hxg5 45. Bf3 Rh8 46. Nd5 Rh3 47. Nxb6 Rxg3 48. Nd7+ Ke6 49. Nc5+ Ke5 50. Kf2 Rh3 51. Bg2 Rc3 52. b4 g4 53. a5 g3+ 54. Kf1 Nc4 55. Bh3 Ne3+ 56. Kg1 Rc1+ 0-1


[Site "https://www.chess.com"]

[Event "Titled Tuesday Blitz April 18 Late 2023"]
[White "Al-Tarboush, Ward"]
[Black "Maranhao,Jose Renato Ruiz"]
[WhiteFideId "7601450"]
[BlackFideId "2135175"]
[WhiteElo "2265"]
[BlackElo "1970"]
[Result "1-0"]
[Round "01"]
[TimeControl "180+2"]
[Date "2023.04.18"]
[WhiteClock "0:02:13"]
[BlackClock "0:00:01"]

1. e4 c6 2. Nf3 d5 3. Nc3 Bg4 4. h3 Bxf3 5. Qxf3 dxe4 6. Nxe4 Nf6 7. Nxf6+ exf6 8. Bc4 Bd6 9. Qe4+ Qe7 10. Qxe7+ Bxe7 11. O-O O-O 12. d4 Nd7 13. Bf4 Nb6 14. Bb3 Nd5 15. Bg3 a5 16. c4 Nb6 17. c5 a4 18. cxb6 axb3 19. axb3 Rfd8 20. Ra7 Bb4 21. Rfa1 Rxa7 22. bxa7 Ra8 23. Bb8 1-0


[Site "https://www.chess.com"]

[Event "Titled Tuesday Blitz April 18 Late 2023"]
[White "Aqib Javaid Butt"]
[Black "Taboas Rodriguez, Daniel"]
[WhiteFideId "7801262"]
[BlackFideId "2208466"]
[WhiteElo "1659"]
[BlackElo "2365"]
[Result "0-1"]
[Round "01"]
[TimeControl "180+2"]
[Date "2023.04.18"]
[WhiteClock "0:01:53"]
[BlackClock "0:02:36"]

1. d4 Nf6 2. Nf3 g6 3. c3 b6 4. Bf4 Bb7 5. g3 c5 6. Bg2 Bg7 7. O-O O-O 8. Ne5 Bxg2 9. Kxg2 d6 10. Nf3 Qc7 11. Nbd2 Qb7 12. Kg1 Nd5 13. Bg5 h6 14. e4 hxg5 15. exd5 Qxd5 16. dxc5 bxc5 17. Re1 Nc6 18. c4 Qf5 19. Qc2 Qxc2 0-1


[Site "https://www.chess.com"]

[Event "Titled Tuesday Blitz April 18 Late 2023"]
[White "Tokman, Ariel"]
[Black "Dias, Joao Batista"]
[WhiteFideId "117420"]
[BlackFideId "2108240"]
[WhiteElo "2263"]
[BlackElo "1907"]
[Result "0-1"]
[Round "01"]
[TimeControl "180+2"]
[Date "2023.04.18"]
[WhiteClock "0:00:05"]
[BlackClock "0:00:10"]

1. c4 c5 2. Nf3 Nf6 3. Nc3 g6 4. g3 Bg7 5. Bg2 O-O 6. O-O Nc6 7. d3 d6 8. Bd2 a6 9. Qc1 Bg4 10. Bh6 Bxf3 11. Bxf3 Nd4 12. Bg2 Rb8 13. Bxg7 Kxg7 14. e3 Ne6 15. a4 Qd7 16. a5 Nd8 17. Nd5 Nxd5 18. cxd5 f5 19. b4 cxb4 20. Qb2+ Kg8 21. Qxb4 Nf7 22. Rab1 Rfc8 23. h4 Ne5 24. d4 Nf7 25. Kh2 Rc7 26. e4 fxe4 27. Bh3 Qd8 28. Rfe1 Nh6 29. Be6+ Kg7 30. Rxe4 Qf8 31. Kg2 Qd8 32. Rbe1 Rc2 33. Qb3 Qc7 34. Bd7 Ng8 35. Bh3 Rf8 36. R1e2 Rxe2 37. Rxe2 Rb8 38. h5 Qxa5 39. Be6 Nf6 40. Qf3 Rf8 41. Rb2 b5 42. Re2 Qc7 43. hxg6 hxg6 44. Qa3 a5 45. Qb2 b4 46. Rc2 Qb8 47. Qb3 Qb5 48. Rc7 Qe2 49. Rxe7+ Kh6 50. Qe3+ Qxe3 51. fxe3 Rb8 52. Ra7 b3 0-1


[Site "https://www.chess.com"]

[Event "Titled Tuesday Blitz April 18 Late 2023"]
[White "Jimenez Almeida, Luis David"]
[Black "Manu_ChessExcelsior"]
[WhiteFideId "22242244"]
[WhiteElo "2245"]
[BlackElo "1968"]
[Result "1-0"]
[Round "01"]
[TimeControl "180+2"]
[Date "2023.04.18"]
[WhiteClock "0:01:01"]
[BlackClock "0:00:03"]

1. e4 e5 2. Nf3 Nc6 3. d4 exd4 4. Bc4 Nf6 5. e5 Ne4 6. Bd5 Nc5 7. Nxd4 Nxe5 8. O-O Ne6 9. Re1 Nc6 10. Nf5 g6 11. Nh6 Qh4 12. Ng4 Be7 13. g3 Qh5 14. Nc3 O-O 15. Bf3 Qa5 16. Nd5 f5 17. Nh6+ Kg7 18. b4 Bxb4 19. c3 Be7 20. c4 Qc5 21. Be3 Qxc4 22. Rc1 Qb5 23. Qd2 f4 24. Nxf4 Nxf4 25. Bxf4 Bf6 26. Ng4 d6 27. Bh6+ Kg8 28. Bd5+ Rf7 29. Re8# 1-0


[Site "https://www.chess.com"]

[Event "Titled Tuesday Blitz April 18 Late 2023"]
[White "The_Sherman_Variation"]
[Black "tandercat"]
[WhiteElo "2515"]
[BlackElo "1946"]
[Result "1-0"]
[Round "01"]
[TimeControl "180+2"]
[Date "2023.04.18"]
[WhiteClock "0:01:57"]
[BlackClock "0:00:01"]

1. e4 c5 2. b3 Nc6 3. Bb2 e5 4. Nf3 d6 5. Nc3 Nge7 6. Bc4 Na5 7. Bb5+ Nac6 8. Nd5 a6 9. Bxc6+ bxc6 10. Ne3 g6 11. c3 Bg7 12. d4 cxd4 13. cxd4 Qa5+ 14. Qd2 Qxd2+ 15. Kxd2 exd4 16. Bxd4 O-O 17. Bxg7 Kxg7 18. Rhc1 Bb7 19. Nc4 Rad8 20. Na5 Ba8 21. Ke2 Rfe8 22. Kf1 d5 23. e5 Nf5 24. g4 Ne7 25. Nd4 Rc8 26. Rc5 h5 27. h3 hxg4 28. hxg4 Rh8 29. Kg2 Rh6 30. Rac1 Rch8 31. Nf3 f5 32. exf6+ Kxf6 33. g5+ Kg7 34. gxh6+ Rxh6 35. Nxc6 Bxc6 36. Rxc6 Nxc6 37. Rxc6 Rh5 38. Rxa6 Rf5 39. Rxg6+ Kxg6 40. Nh4+ Kg5 41. Nxf5 Kxf5 42. Kf3 Ke5 43. Ke3 d4+ 44. Kd3 Kd5 45. a4 Ke5 46. a5 1-0


[Site "https://www.chess.com"]

[Event "Titled Tuesday Blitz April 18 Late 2023"]
[White "Eisa Mohmood, Alkhoori"]
[Black "Rodriguez Fontecha, Marcos"]
[WhiteFideId "9316116"]
[BlackFideId "2256576"]
[WhiteElo "1310"]
[BlackElo "2263"]
[Result "0-1"]
[Round "01"]
[TimeControl "180+2"]
[Date "2023.04.18"]
[WhiteClock "0:00:15"]
[BlackClock "0:00:03"]

1. e4 d5 2. exd5 Qxd5 3. d4 Nf6 4. Nf3 g6 5. Nc3 Qd6 6. Be2 Bg7 7. O-O O-O 8. Be3 c6 9. Ne5 Nd5 10. Nxd5 cxd5 11. Nd3 Nc6 12. c3 e5 13. dxe5 Nxe5 14. Nxe5 Bxe5 15. g3 Bh3 16. Re1 a6 17. Bf3 Rad8 18. Bd4 f6 19. Qb3 Bxd4 20. cxd4 Bc8 21. Rac1 Kg7 22. Rc3 b5 23. Rec1 Bf5 24. Rc5 Be4 25. Bg2 Qe6 26. Rc6 Rd6 27. Rc7+ Rf7 28. Bxe4 dxe4 29. Qxe6 Rxe6 30. Rxf7+ Kxf7 31. Rc7+ Re7 32. Rc6 Rd7 33. Rxa6 Rxd4 34. Rb6 Rb4 35. b3 g5 36. Kf1 Kg6 37. Ke2 Kf5 38. Ke3 g4 39. Rc6 Ke5 40. Rc5+ Kd6 41. Rh5 Ke6 42. Rxh7 Kd5 43. h4 gxh3 44. Rxh3 f5 45. Rh5 Ke6 46. Rh6+ Kd5 47. Kf4 Rd4 48. Kxf5 Rd2 49. Rh2 e3 50. Kg4 e2 51. Rh1 Rd1 0-1


[Site "https://www.chess.com"]

[Event "Titled Tuesday Blitz April 18 Late 2023"]
[White "liwadas82"]
[Black "Burke, Paul"]
[BlackFideId "2605767"]
[WhiteElo "2513"]
[BlackElo "1908"]
[Result "1-0"]
[Round "01"]
[TimeControl "180+2"]
[Date "2023.04.18"]
[WhiteClock "0:00:20"]
[BlackClock "0:00:40"]

1. e4 e5 2. Nf3 Nc6 3. Bb5 f5 4. d3 Nf6 5. Nc3 Be7 6. O-O O-O 7. Bxc6 dxc6 8. Nxe5 Bd6 9. Nf3 fxe4 10. dxe4 Bg4 11. h3 Bh5 12. Qd3 Qe8 13. Nd4 Qe5 14. f4 Qc5 15. e5 Bxe5 16. fxe5 Qxe5 17. Bf4 Qc5 18. Na4 Qa5 19. b3 Rad8 20. Be3 c5 21. Qf5 Rd5 22. Qf2 cxd4 23. Bxd4 Nd7 24. Qh4 c5 25. Bc3 Qd8 26. Qc4 Bf7 27. Rxf7 Rxf7 28. Qxd5 Qf6 29. Bxf6 1-0


[Site "https://www.chess.com"]

[Event "Titled Tuesday Blitz April 18 Late 2023"]
[White "Vargas, Mauricio"]
[Black "Bagrationi, Alexander"]
[WhiteFideId "4404572"]
[BlackFideId "14104954"]
[WhiteElo "1998"]
[BlackElo "2398"]
[Result "0-1"]
[Round "01"]
[TimeControl "180+2"]
[Date "2023.04.18"]
[WhiteClock "0:01:18"]
[BlackClock "0:02:26"]

1. e4 c5 2. f4 d5 3. e5 Nc6 4. Nf3 Bg4 5. Bb5 h5 6. Bxc6+ bxc6 7. O-O e6 8. d3 Nh6 9. b3 h4 10. h3 Bh5 11. Qe1 Nf5 12. c4 dxc4 13. dxc4 Bxf3 14. Rxf3 Qd4+ 15. Kh2 Qxa1 16. Qe4 Rc8 17. Rd3 Qxb1 18. Rd8+ Rxd8 19. Qxb1 Be7 20. Qe4 O-O 21. Qxc6 Rd1 22. Ba3 Ng3 23. Bxc5 Rh1# 0-1


[Site "https://www.chess.com"]

[Event "Titled Tuesday Blitz April 18 Late 2023"]
[White "Barrientos, Sergio E"]
[Black "Carlsen, Magnus"]
[WhiteFideId "4401824"]
[BlackFideId "1503014"]
[WhiteElo "2423"]
[BlackElo "2852"]
[Result "0-1"]
[Round "02"]
[TimeControl "180+2"]
[Date "2023.04.18"]
[WhiteClock "0:00:25"]
[BlackClock "0:00:41"]

1. d4 c5 2. e4 cxd4 3. Nf3 e5 4. c3 dxc3 5. Nxc3 Nc6 6. Bc4 d6 7. Qb3 Qd7 8. Nd5 Nf6 9. Nxf6+ gxf6 10. O-O Na5 11. Qc3 Nxc4 12. Qxc4 Rg8 13. Qb3 Qg4 14. g3 Qxe4 15. Re1 Qc6 16. Nd4 Qb6 17. Qd3 Bd7 18. Be3 Rg6 19. Nf5 Qa6 20. Qe4 d5 21. Qf3 Qe6 22. Nh4 Rg4 23. Rad1 Re4 24. Qh5 d4 25. Bd2 Bc6 26. Qxh7 Rxh4 27. Qxh4 Qd5 28. f3 Qxf3 29. Qh3 Bc5 30. Rc1 Bb6 31. Rxc6 bxc6 32. Ba5 Bxa5 33. Qh8+ Ke7 34. Qxa8 Bxe1 0-1


[Site "https://www.chess.com"]

[Event "Titled Tuesday Blitz April 18 Late 2023"]
[White "Nakamura, Hikaru"]
[Black "Martinez Ramirez, Lennis"]
[WhiteFideId "2016192"]
[BlackFideId "3509079"]
[WhiteElo "2885"]
[BlackElo "2410"]
[Result "1-0"]
[Round "02"]
[TimeControl "180+2"]
[Date "2023.04.18"]
[WhiteClock "0:00:55"]
[BlackClock "0:00:05"]

1. Nf3 d5 2. e3 Nf6 3. b3 g6 4. Bb2 Bg7 5. c4 O-O 6. d4 Ne4 7. cxd5 Qxd5 8. Bc4 Qa5+ 9. Nbd2 Nxd2 10. Qxd2 Qxd2+ 11. Kxd2 c5 12. Rab1 cxd4 13. Nxd4 Bd7 14. Ke2 Nc6 15. Nf3 Bf5 16. Bxg7 Kxg7 17. Rbc1 Rac8 18. a3 Rfd8 19. Rhd1 Rxd1 20. Kxd1 Na5 21. Nd2 Nxc4 22. Rxc4 Kf6 23. Ne4+ Kg7 24. Rxc8 Bxc8 25. Kd2 f5 26. Nc5 Kf6 27. f4 e5 28. Nd3 exf4 29. exf4 h6 30. Ke3 g5 31. g3 Ke6 32. Kd4 Kd6 33. b4 b6 34. Ne5 Be6 35. fxg5 hxg5 36. Nf3 g4 37. Nh4 Bd7 38. Ng6 a5 39. Nf4 Bc8 40. Nd5 axb4 41. axb4 b5 42. Ne3 Bd7 43. Nd1 Bc8 44. Nf2 Bd7 45. Nd3 Bc8 46. Nc5 Be6 47. Nxe6 Kxe6 48. Kc5 f4 49. gxf4 Kf5 50. Kxb5 Kxf4 51. Kc4 Kf3 52. b5 Kg2 53. b6 Kxh2 54. b7 g3 55. b8=Q Kg2 56. Kd3 Kf2 57. Qf4+ Kg2 58. Ke2 Kh1 59. Kf3 g2 60. Qh4+ 1-0


[Site "https://www.chess.com"]

[Event "Titled Tuesday Blitz April 18 Late 2023"]
[White "Larino Nieto, David"]
[Black "Naroditsky, Daniel"]
[WhiteFideId "2256444"]
[BlackFideId "2026961"]
[WhiteElo "2506"]
[BlackElo "2633"]
[Result "1/2-1/2"]
[Round "02"]
[TimeControl "180+2"]
[Date "2023.04.18"]
[WhiteClock "0:00:03"]
[BlackClock "0:00:03"]

1. e4 c5 2. Nc3 Nc6 3. g3 g6 4. Bg2 Bg7 5. d3 e6 6. Be3 d6 7. f4 Nge7 8. Nf3 O-O 9. O-O Nd4 10. Bf2 Bd7 11. e5 Bc6 12. exd6 Nef5 13. Ne4 Nxf3+ 14. Bxf3 b6 15. c3 Nxd6 16. Nf6+ Bxf6 17. Bxc6 Rc8 18. Bg2 Qd7 19. Qe2 Rfd8 20. Rad1 Qa4 21. a3 h5 22. h3 Bg7 23. g4 hxg4 24. hxg4 Qxf4 25. Bh4 Qh6 26. Bxd8 Rxd8 27. Qf3 Be5 28. Kf2 b5 29. Ke2 b4 30. axb4 cxb4 31. d4 Bg7 32. c4 f5 33. b3 Ne4 34. Rd3 Nc3+ 35. Kf2 Bxd4+ 36. Rxd4 Rxd4 37. Qa8+ Qf8 38. Qxa7 Rf4+ 39. Ke3 Rxg4 40. Rh1 Qg7 41. Qb8+ Kf7 42. Qc7+ Kf6 43. Qd8+ Ke5 44. Qb8+ Kf6 45. Qd8+ Qe7 46. Qh8+ Kg5 47. Qh6+ Kf6 48. Qh8+ Qg7 49. Qd8+ 1/2-1/2


[Site "https://www.chess.com"]

[Event "Titled Tuesday Blitz April 18 Late 2023"]
[White "Caruana, Fabiano"]
[Black "Tregubov, Pavel V."]
[WhiteFideId "2020009"]
[BlackFideId "4115341"]
[WhiteElo "2837"]
[BlackElo "2425"]
[Result "1-0"]
[Round "02"]
[TimeControl "180+2"]
[Date "2023.04.18"]
[WhiteClock "0:00:31"]
[BlackClock "0:00:06"]

1. d4 Nf6 2. Nf3 e6 3. g3 c5 4. Bg2 cxd4 5. Nxd4 d5 6. O-O e5 7. Nb3 Nc6 8. Bg5 Be6 9. Bxf6 gxf6 10. e3 h5 11. Nc3 Ne7 12. Nc5 Qb6 13. Nxe6 fxe6 14. a4 h4 15. a5 Qc5 16. Qe2 Kf7 17. a6 b6 18. Nb5 Nc6 19. c3 e4 20. b4 Qe7 21. c4 Ne5 22. cxd5 exd5 23. Rac1 Qxb4 24. Rc7+ Be7 25. Nxa7 Qa4 26. Rd1 h3 27. Bf1 Ke6 28. Nb5 Rxa6 29. Rxd5 Qa1 30. Nd4+ Kf7 31. Rxe5 fxe5 32. Nf5 Ke6 33. Rxe7+ Kxf5 34. Qc4 Rf8 35. Qe6+ 1-0


[Site "https://www.chess.com"]

[Event "Titled Tuesday Blitz April 18 Late 2023"]
[White "Aldokhin, Ivan"]
[Black "Vachier-Lagrave, Maxime"]
[WhiteFideId "24115720"]
[BlackFideId "623539"]
[WhiteElo "2322"]
[BlackElo "2740"]
[Result "0-1"]
[Round "02"]
[TimeControl "180+2"]
[Date "2023.04.18"]
[WhiteClock "0:00:01"]
[BlackClock "0:01:35"]

1. e4 c5 2. Nf3 Nc6 3. d4 cxd4 4. Nxd4 Nf6 5. Nc3 e6 6. Nxc6 bxc6 7. Bd3 d5 8. Qe2 Be7 9. Bf4 O-O 10. O-O Bb7 11. Rad1 Qa5 12. Rfe1 Rfd8 13. a3 d4 14. Nb1 e5 15. Bg3 Qc7 16. Nd2 c5 17. Nc4 Nd7 18. Rf1 Bg5 19. Qh5 h6 20. h4 Nf6 21. Bxe5 Qxe5 22. Qxf7+ Kxf7 23. Nxe5+ Ke6 24. hxg5 hxg5 25. Nf3 g4 26. Ng5+ Ke7 27. e5 Nh5 28. Be4 Bxe4 29. Nxe4 Nf4 30. Rfe1 Ne6 31. Nd6 Rab8 32. Nc4 Ng5 33. Rd3 Rh8 34. Rg3 Rh4 35. f3 Ke6 36. Rxg4 Rxg4 37. fxg4 Rh8 38. Kf2 Nf7 39. Kg3 Rd8 40. Rf1 d3 41. cxd3 Rxd3+ 42. Rf3 Rd4 43. Rf4 Rd1 44. Rf2 Ng5 45. Re2 Rd4 46. Nd6 Kd5 47. Nf5 Rd3+ 48. Kh4 Ne6 49. Ne7+ Kd4 50. Nf5+ Kd5 51. Ne7+ Kc4 0-1


[Site "https://www.chess.com"]

[Event "Titled Tuesday Blitz April 18 Late 2023"]
[White "Martinez Alcantara, Jose Eduardo"]
[Black "Wieczorek, Oskar"]
[WhiteFideId "3805662"]
[BlackFideId "1133950"]
[WhiteElo "2711"]
[BlackElo "2418"]
[Result "1-0"]
[Round "02"]
[TimeControl "180+2"]
[Date "2023.04.18"]
[WhiteClock "0:00:23"]
[BlackClock "0:01:32"]

1. e4 c5 2. Nf3 e6 3. c3 d5 4. exd5 exd5 5. d4 Nf6 6. h3 Be7 7. Bd3 Nc6 8. O-O O-O 9. Be3 c4 10. Bc2 b5 11. Ne5 Bb7 12. Nd2 b4 13. Ndf3 bxc3 14. bxc3 Ne4 15. Nxc6 Bxc6 16. Ne5 Bb7 17. Rb1 Rb8 18. Bxe4 dxe4 19. Qa4 Qc8 20. Nxc4 Bd5 21. Rxb8 Qxb8 22. Nd2 Bd6 23. c4 Bb7 24. c5 Bf4 25. c6 Bc8 26. Nxe4 Re8 27. c7 1-0


[Site "https://www.chess.com"]

[Event "Titled Tuesday Blitz April 18 Late 2023"]
[White "Sieciechowicz, Marcin"]
[Black "Firouzja, Alireza"]
[WhiteFideId "1130170"]
[BlackFideId "12573981"]
[WhiteElo "2302"]
[BlackElo "2904"]
[Result "0-1"]
[Round "02"]
[TimeControl "180+2"]
[Date "2023.04.18"]
[WhiteClock "0:00:03"]
[BlackClock "0:01:48"]

1. d4 Nf6 2. c4 g6 3. Nc3 Bg7 4. e4 d6 5. f3 O-O 6. Be3 c6 7. Nge2 a6 8. c5 Nbd7 9. Qd2 dxc5 10. dxc5 Qa5 11. a3 Rd8 12. b4 Qc7 13. Rd1 a5 14. b5 Re8 15. b6 Qe5 16. Bd4 Qe6 17. Nf4 Qb3 18. Rb1 Qxa3 19. e5 Nxc5 20. exf6 exf6+ 21. Be2 Bf5 22. Qc1 Qxc1+ 23. Rxc1 Nb3 24. Rd1 Bc2 25. Kf2 Bxd1 26. Rxd1 Nxd4 27. Rxd4 f5 28. Rc4 Red8 29. Na4 Rd4 30. Ke3 Re8+ 31. Kf2 Rd2 32. Ke1 Ra2 33. Kd1 g5 34. Nh5 Rexe2 0-1


[Site "https://www.chess.com"]

[Event "Titled Tuesday Blitz April 18 Late 2023"]
[White "Duda, Jan-Krzysztof"]
[Black "Rastbod, Ali"]
[WhiteFideId "1170546"]
[BlackFideId "12567477"]
[WhiteElo "2790"]
[BlackElo "2248"]
[Result "0-1"]
[Round "02"]
[TimeControl "180+2"]
[Date "2023.04.18"]
[WhiteClock "0:00:01"]
[BlackClock "0:00:14"]

1. c4 e5 2. g3 c6 3. Nf3 e4 4. Nd4 d5 5. cxd5 Qxd5 6. e3 Nf6 7. Nc3 Qe5 8. Bg2 c5 9. Nc2 Nc6 10. d4 exd3 11. Qxd3 Be6 12. O-O c4 13. Qe2 Bc5 14. Na4 Be7 15. Bd2 O-O 16. Bc3 Qb5 17. b3 a6 18. Bxc6 Qxc6 19. Nd4 Qe4 20. Nxe6 Qxe6 21. Qxc4 b5 22. Qxe6 fxe6 23. Nb6 Rad8 24. Rfd1 Ne4 25. Be1 Rxd1 26. Rxd1 Rb8 27. Nd7 Rd8 28. Rd4 Ng5 29. Kg2 Rc8 30. Ne5 Bf6 31. f4 Bxe5 32. fxe5 Rc2+ 33. Rd2 Rc1 34. Rd8+ Kf7 35. Bb4 Kg6 36. g4 h5 37. gxh5+ Kxh5 38. Rd7 Kg4 39. Rxg7 Rc2+ 40. Kf1 Kf5 41. Be1 Nf3 42. Bg3 Ke4 0-1


[Site "https://www.chess.com"]

[Event "Titled Tuesday Blitz April 18 Late 2023"]
[White "Mendez Fortes, Eduardo Jesus"]
[Black "Bluebaum, Matthias"]
[WhiteFideId "3502376"]
[BlackFideId "24651516"]
[WhiteElo "2307"]
[BlackElo "2638"]
[Result "0-1"]
[Round "02"]
[TimeControl "180+2"]
[Date "2023.04.18"]
[WhiteClock "0:00:28"]
[BlackClock "0:00:55"]

1. e4 e6 2. d4 d5 3. Nd2 c5 4. exd5 Qxd5 5. Ngf3 cxd4 6. Bc4 Qd6 7. O-O Nf6 8. Nb3 Nc6 9. Nbxd4 Nxd4 10. Nxd4 Be7 11. Re1 O-O 12. c3 Qc7 13. Bb3 e5 14. Nf3 Bg4 15. h3 Rfd8 16. Qe2 Bxf3 17. Qxf3 e4 18. Qf5 g6 19. Qf4 Qc6 20. Be3 a5 21. a4 Bd6 22. Qh4 Be5 23. Bg5 Qb6 24. Bc4 Rd6 25. Bb5 Rad8 26. Kh1 Re6 27. Rxe4 Nxe4 28. Bxd8 Nxf2+ 29. Kg1 Nxh3+ 30. Kf1 Qg1+ 31. Ke2 Bg3+ 32. Kd3 Qe3+ 33. Kc2 Bxh4 0-1


[Site "https://www.chess.com"]

[Event "Titled Tuesday Blitz April 18 Late 2023"]
[White "Andreikin, Dmitry"]
[Black "Sochacki, Christophe"]
[WhiteFideId "4158814"]
[BlackFideId "662569"]
[WhiteElo "2736"]
[BlackElo "2501"]
[Result "1/2-1/2"]
[Round "02"]
[TimeControl "180+2"]
[Date "2023.04.18"]
[WhiteClock "0:00:40"]
[BlackClock "0:00:05"]

1. d4 Nf6 2. c4 c5 3. d5 b5 4. Nc3 b4 5. Na4 d6 6. Nf3 g6 7. b3 Bg7 8. Bb2 O-O 9. e3 Bd7 10. Bd3 Bxa4 11. bxa4 Nbd7 12. h4 h5 13. Ng5 Qa5 14. Qb3 Nb6 15. Bc2 Qa6 16. a5 Qxa5 17. Qd3 Qa6 18. Bb3 Nbxd5 19. g4 Nc3 20. gxh5 Nxh5 21. Rg1 Qc8 22. Bc2 Qf5 23. Qxf5 gxf5 24. Bxf5 e6 25. Bd3 d5 26. Kd2 d4 27. Nh7 Rfd8 28. Rg5 dxe3+ 29. Kxe3 Rxd3+ 30. Kxd3 Nf4+ 31. Ke3 Kxh7 32. Rxg7+ Kxg7 33. Kxf4 Rd8 34. Ke3 Rh8 35. Rh1 Kf6 36. Bxc3+ bxc3 37. Kd3 Kf5 38. Kxc3 Kg4 39. Rg1+ Kf3 40. Rg7 f5 41. Rxa7 Rxh4 42. Re7 Re4 43. a4 Kxf2 44. a5 Re3+ 45. Kb2 Re2+ 46. Kb3 Re1 47. Ka4 f4 48. a6 f3 49. Kb5 Ra1 50. Rxe6 Kg2 51. Rg6+ Kh3 52. Rf6 Kg2 53. Kxc5 f2 54. Kb6 Rb1+ 55. Kc6 Ra1 56. Kb7 Rb1+ 57. Ka7 Rc1 58. c5 Rxc5 59. Kb6 Rc1 60. a7 Ra1 61. Kb7 f1=Q 62. Rxf1 Kxf1 63. a8=Q Rxa8 64. Kxa8 1/2-1/2


[Site "https://www.chess.com"]

[Event "Titled Tuesday Blitz April 18 Late 2023"]
[White "Domingo Nunez, Ruben"]
[Black "Lazavik, Denis"]
[WhiteFideId "22245570"]
[BlackFideId "13515110"]
[WhiteElo "2404"]
[BlackElo "2560"]
[Result "1/2-1/2"]
[Round "02"]
[TimeControl "180+2"]
[Date "2023.04.18"]
[WhiteClock "0:00:07"]
[BlackClock "0:00:07"]

1. c4 Nf6 2. g3 e6 3. Bg2 d5 4. Nf3 dxc4 5. Qa4+ Nbd7 6. Qxc4 a6 7. a4 b5 8. Qc2 Bb7 9. O-O c5 10. Nc3 Qb6 11. axb5 axb5 12. Rxa8+ Bxa8 13. Qb3 Bc6 14. d3 Be7 15. Be3 O-O 16. Rc1 Qb7 17. Ne1 Rb8 18. Ra1 h5 19. Bg5 Ne5 20. Bf4 Nfd7 21. Bxc6 Qxc6 22. Ra5 b4 23. Ne4 c4 24. Qd1 Rb5 25. Ra7 cxd3 26. exd3 Ng6 27. Rc7 Qd5 28. Ng2 Ndf8 29. Be3 Qd8 30. Qc2 Ra5 31. Nf4 Ne5 32. Rb7 Nf3+ 33. Kf1 Ra1+ 34. Ke2 Ng1+ 35. Kd2 e5 36. Bb6 Qa8 37. Rxe7 exf4 38. Qc4 Nf3+ 39. Ke2 Ng1+ 40. Kd2 Ne6 41. Rxf7 Nf3+ 42. Ke2 Ng1+ 43. Kd2 Nf3+ 44. Ke2 Kxf7 45. Kxf3 Ra6 46. Bd4 Qc6 47. Qb3 Kg6 48. Be5 fxg3 49. hxg3 Ra5 50. d4 Qd5 51. Qe3 Ra1 52. Kg2 Ra8 53. Kh2 Rf8 54. f4 Rf5 55. Qe2 Kf7 56. g4 hxg4 57. Qxg4 g6 58. Ng3 Nxd4 59. Bxd4 Qxd4 60. Nxf5 Qxb2+ 61. Kh3 gxf5 62. Qxf5+ Ke7 63. Qc5+ Kd7 64. Qd5+ Kc7 65. Qc5+ Kd7 66. Qd5+ Ke7 67. Qc5+ Ke6 68. Qc6+ Kf5 69. Qd5+ Kxf4 70. Qd6+ Ke3 71. Qc5+ Kd3 72. Qd5+ Kc3 73. Qe5+ Kb3 74. Qd5+ Kc2 75. Qg2+ Kc3 76. Qc6+ Kd2 77. Qg2+ Kc1 78. Qf1+ Kc2 79. Qg2+ Kb3 80. Qd5+ Ka4 81. Qa8+ Kb3 82. Qd5+ 1/2-1/2


[Site "https://www.chess.com"]

[Event "Titled Tuesday Blitz April 18 Late 2023"]
[White "Pranav, V"]
[Black "Adla, Diego"]
[WhiteFideId "25060783"]
[BlackFideId "100072"]
[WhiteElo "2500"]
[BlackElo "2377"]
[Result "1-0"]
[Round "02"]
[TimeControl "180+2"]
[Date "2023.04.18"]
[WhiteClock "0:00:36"]
[BlackClock "0:00:50"]

1. Nf3 d5 2. g3 Nd7 3. Bg2 e5 4. d3 Ngf6 5. O-O Bc5 6. Nbd2 e4 7. dxe4 dxe4 8. Ng5 e3 9. Nde4 exf2+ 10. Kh1 Bb6 11. Nxf2 O-O 12. Nd3 Qe7 13. e4 h6 14. Nh3 Nxe4 15. Nhf4 Ndf6 16. Bf3 c6 17. Qe2 Re8 18. Qg2 Bf5 19. a4 a5 20. b3 Bd4 21. Ba3 Qc7 22. Rae1 Ng5 23. Nh5 Nxf3 24. Nxf6+ Bxf6 25. Qxf3 Rxe1 26. Rxe1 Bxd3 27. Qxd3 Rd8 28. Qf5 Qb6 29. Bc5 Qc7 30. Re2 Qd7 31. Qxd7 Rxd7 32. Bb6 Rd5 33. Kg2 g5 34. Kf3 Kg7 35. g4 Kg6 36. h3 h5 37. Re8 hxg4+ 38. hxg4 Bd4 39. Bc7 f6 40. Rb8 Rc5 41. c4 b5 42. Bb6 bxc4 43. Bxc5 Bxc5 44. bxc4 Bb4 45. Rb6 c5 46. Ke4 Kf7 47. Kf5 Bc3 48. Rb7+ Ke8 49. Ke6 Kd8 50. Rb5 Bd4 51. Rxa5 Kc7 52. Rb5 Kc6 53. a5 1-0


[Site "https://www.chess.com"]